Map: Shrines of Lizul

Players

lIlIIIIlllI - Winner!

  • Race: Zerg Zerg
  • League: Gold

TrollAFriend - Winner!

  • Race: Terran Terran

neulaender

  • Race: Zerg Zerg

Baumdoktor

  • Race: Protoss Protoss

VOD

Have the link to the VOD?

Description

Time

  • Played on: Oct. 16, 2016, 11:32 a.m.
  • Length: 4:52
Show
View Real Time Build Order
Export as new Build Order

lIlIIIIlllI Zerg - Winner!

Build Orders: Hatch First 

Get SALT Encoding   

  12  0:01  Drone  
  13  0:13  Overlord  
  13  0:20  Drone  
  14  0:32  Drone x2  
  16  0:38  Drone  
  17  0:56  Hatchery  
  16  1:00  Drone  
  18  1:16  Spawning Pool  
  18  1:17  Extractor  
  15  1:19  Drone  
  16  1:26  Drone  
  16  1:30  Drone  
  18  1:43  Drone  
  19  2:01  Drone x2  
  21  2:07  Queen  
  23  2:09  Overlord  
  23  2:19  Metabolic Boost  
  23  2:23  Zergling x4  
  23  2:24  Zergling x2  
  26  2:38  Zergling x4  
  26  2:40  Queen  
  26  2:42  Overlord  
  30  2:46  Zergling x2  
  31  2:52  Zergling x2  
  31  2:57  Zergling x2  
  33  3:03  Zergling x2  
  34  3:14  Zergling x4  
  34  3:17  Overlord  
  34  3:19  Zergling x6  
  39  3:24  Zergling x2  
  40  3:32  Zergling x2  
  40  4:04  Zergling x10  
  40  4:05  Zergling x8  
  46  4:31  Zergling x8  
Show
View Real Time Build Order
Export as new Build Order

TrollAFriend Terran - Winner!

Build Orders:  

Get SALT Encoding   

  12  0:06  SCV  
  13  0:23  Supply Depot  
  13  0:56  Barracks  
  13  1:01  Refinery, SCV  
  14  1:13  SCV  
  15  1:25  SCV  
  16  1:37  SCV  
  17  1:49  SCV  
  18  1:57  Supply Depot  
  18  2:01  SCV  
  19  2:08  Barracks Reactor  
  19  2:13  SCV  
  20  2:43  Command Center  
  20  2:55  Factory  
  20  3:09  Refinery  
  20  3:17  SCV  
  21  3:29  SCV  
  22  3:40  Marine x2  
  25  3:41  SCV  
  25  3:53  SCV  
  26  3:57  Supply Depot  
  26  3:58  Marine x2  
  28  4:05  SCV  
  29  4:12  Supply Depot  
  29  4:16  Marine x2  
  31  4:33  Marine  
  31  4:34  SCV, Marine  
  34  4:49  Engineering Bay  
Show
View Real Time Build Order
Export as new Build Order

neulaender Zerg 

Build Orders: Hatch First 

Get SALT Encoding   

  12  0:01  Drone  
  13  0:13  Overlord  
  13  0:18  Drone  
  14  0:31  Drone x2  
  16  0:38  Drone  
  17  0:48  Drone  
  18  0:58  Hatchery  
  18  1:04  Drone  
  18  1:08  Extractor  
  18  1:10  Overlord  
  17  1:18  Drone  
  18  1:26  Spawning Pool  
  17  1:33  Drone  
  18  1:42  Drone  
  19  1:58  Drone  
  20  2:13  Drone x2  
  20  2:14  Metabolic Boost  
  22  2:15  Queen  
  24  2:30  Extractor  
  24  2:32  Drone x2, Extractor  
  24  2:34  Drone  
  25  2:37  Drone  
  25  2:40  Drone  
  27  2:44  Drone  
  27  2:49  Overlord  
  28  2:55  Queen  
  30  3:06  Drone  
  30  3:09  Drone x2  
  33  3:15  Evolution Chamber  
  33  3:17  Evolution Chamber  
  33  3:19  Lair  
  31  3:20  Drone  
  31  3:21  Drone  
  33  3:32  Drone x3  
  33  3:33  Drone, Extractor  
  36  3:54  Zergling x2  
  36  3:55  Zergling x8  
  24  4:10  Zergling x6  
  24  4:11  Zergling x2  
  28  4:20  Spawning Pool  
  27  4:35  Drone  
  27  4:36  Drone x2  
Show
View Real Time Build Order
Export as new Build Order

Baumdoktor Protoss 

Build Orders: 1 Gate Expand 

Get SALT Encoding   

  12  0:02  Probe (Chrono Boost)  
  13  0:15  Probe (Chrono Boost)  
  13  0:19  Pylon  
  14  0:25  Probe (Chrono Boost)  
  15  0:37  Probe (Chrono Boost)  
  15  0:41  Gateway  
  16  0:48  Probe (Chrono Boost)  
  17  1:03  Probe (Chrono Boost)  
  18  1:16  Nexus  
  18  1:26  Probe (Chrono Boost), Pylon  
  19  1:37  Cybernetics Core  
  19  1:43  Assimilator  
  19  1:48  Assimilator  
  19  1:51  Probe (Chrono Boost)  
  20  2:02  Probe (Chrono Boost)  
  21  2:12  Probe (Chrono Boost)  
  22  2:23  Probe (Chrono Boost)  
  22  2:25  Gateway  
  22  2:28  Gateway  
  23  2:36  Warp Gate, Twilight Council  
  23  2:37  Probe (Chrono Boost)  
  24  2:44  Probe (Chrono Boost)  
  24  2:49  Probe (Chrono Boost)  
  26  2:58  Probe (Chrono Boost)  
  27  3:01  Probe (Chrono Boost)  
  28  3:08  Probe (Chrono Boost)  
  30  3:13  Probe (Chrono Boost)  
  30  3:16  Gateway  
  30  3:33  Stalker  
  32  3:35  Stalker  
  32  3:39  Zealot  
  36  3:46  Probe (Chrono Boost)  
  36  3:48  Probe (Chrono Boost)  
  37  3:58  Probe x2 (Chrono Boost)  
Tags
 
Add a new tag
Caveats
  • Supply blocks, unpowered buildings, or Contaminate may cause inaccurate times.
  • Supply counts are checked every 10 seconds.